[ AOE2 MATCH · #506659363 ]
UnrankedBurgundians vs Malians
Player's team · LOSS
Rival team · WIN
[ REPLAY ANALYSIS · EXTRACTED FROM THE RECORDED GAME ]
Feudal
9:23
Castle
25:23
Imperial
—
| APM avg | 42.7 |
| APM peak | 88 |
| eAPM avg | 22.9 |
| Villagers / military | 97 / 61 |
Focus
⚔️ 40.4% · 🌾 59.6%
Flemish Militia ×26 · Scout Cavalry ×12 · Knight ×11 · Mangonel ×7 · Spearman ×5
Feudal
9:47
Castle
21:42
Imperial
—
| APM avg | 44.1 |
| APM peak | 96 |
| eAPM avg | 21.0 |
| Villagers / military | 172 / 110 |
Focus
⚔️ 33.4% · 🌾 66.6%
Militia ×65 · Camel Scout ×19 · Spearman ×16 · Battering Ram ×5 · Mangonel ×4 · Monk ×1
Match map
Initial resources + every placement click. Lines = walls · curves = elevation contours. ◆ gold · ⬟ stone · ● berries · ✦ relic · ◌ wall gap
Your base· Open — 1t gap
JineteSable's base· ✓ Closed at 21:42 · 36t walls · 1 gate(s)
Smoothed initial terrain · ◌ = detected wall gap · hover for details
Inputs per minute
— Ellis - - JineteSable
Build order — Ellis
First 150 of 281 actions detected
| 0:00 | Queue | Villager (Male) |
| 0:02 | Build | House |
| 0:02 | Build | House |
| 0:14 | Queue | Villager (Male) |
| 0:16 | Queue | Villager (Male) |
| 0:21 | Queue | Villager (Male) |
| 1:23 | Queue | Villager (Male) |
| 1:23 | Queue | Villager (Male) |
| 1:56 | Queue | Villager (Male) |
| 1:56 | Queue | Villager (Male) |
| 2:08 | Queue | Villager (Male) |
| 2:31 | Build | Lumber Camp |
| 2:56 | Queue | Villager (Male) |
| 2:58 | Queue | Villager (Male) |
| 3:29 | Build | House |
| 3:46 | Research | Double-Bit Axe |
| 3:47 | Research | Double-Bit Axe |
| 3:48 | Queue | Villager (Male) |
| 4:03 | Build | House |
| 4:13 | Queue | Villager (Male) |
| 4:14 | Queue | Villager (Male) |
| 4:54 | Queue | Villager (Male) |
| 5:16 | Queue | Villager (Male) |
| 5:49 | Queue | Villager (Male) |
| 6:05 | Queue | Villager (Male) |
| 6:18 | Build | Mill |
| 6:31 | Queue | Villager (Male) |
| 6:48 | Research | Loom |
| 7:12 | Research | Feudal Age |
| 7:13 | Research | Feudal Age |
| 7:59 | Build | House |
| 8:30 | Build | Barracks |
| 8:32 | Queue | Villager (Male) |
| 9:21 | Build | Palisade Gate |
| 9:23 | Age | Feudal Age |
| 9:28 | Build | Stable |
| 9:31 | Research | Bow Saw |
| 9:41 | Queue | Villager (Male) |
| 10:02 | Build | House |
| 10:03 | Build | Palisade Wall |
| 10:11 | Research | Horse Collar |
| 10:14 | Build | Farm |
| 10:15 | Queue | Scout Cavalry |
| 10:15 | Queue | Scout Cavalry |
| 10:16 | Queue | Scout Cavalry |
| 10:27 | Build | Farm |
| 10:31 | Queue | Villager (Male) |
| 11:15 | Build | Farm |
| 11:17 | Queue | Villager (Male) |
| 11:21 | Queue | Scout Cavalry |
| 11:21 | Queue | Scout Cavalry |
| 11:24 | Build | Farm |
| 11:25 | Build | Farm |
| 11:28 | Build | Farm |
| 11:33 | Build | Palisade Wall |
| 11:49 | Build | Farm |
| 11:57 | Build | Farm |
| 12:40 | Queue | Scout Cavalry |
| 12:46 | Build | House |
| 12:56 | Queue | Villager (Male) |
| 13:06 | Build | House |
| 13:09 | Build | Palisade Wall |
| 13:19 | Queue | Villager (Male) |
| 13:21 | Build | Palisade Wall |
| 13:26 | Build | Farm |
| 13:35 | Build | Farm |
| 13:42 | Build | Palisade Wall |
| 13:45 | Build | Palisade Gate |
| 13:48 | Queue | Villager (Male) |
| 14:16 | Build | Farm |
| 14:21 | Queue | Flemish Militia |
| 14:22 | Queue | Flemish Militia |
| 14:22 | Queue | Flemish Militia |
| 14:34 | Queue | Scout Cavalry |
| 14:54 | Build | House |
| 15:22 | Build | Farm |
| 15:24 | Queue | Villager (Male) |
| 15:28 | Queue | Villager (Male) |
| 15:35 | Build | Farm |
| 15:46 | Queue | Villager (Male) |
| 16:06 | Queue | Scout Cavalry |
| 16:16 | Build | Market |
| 16:19 | Build | Farm |
| 16:20 | Queue | Villager (Male) |
| 16:31 | Build | House |
| 16:51 | Queue | Villager (Male) |
| 17:00 | Build | Farm |
| 17:08 | Build | Palisade Gate |
| 17:15 | Queue | Villager (Male) |
| 17:23 | Build | Farm |
| 17:24 | Queue | Villager (Male) |
| 17:30 | Research | Wheelbarrow |
| 17:37 | Build | House |
| 17:39 | Build | House |
| 17:47 | Queue | Villager (Male) |
| 17:53 | Build | Farm |
| 17:55 | Queue | Villager (Male) |
| 18:11 | Build | Palisade Gate |
| 18:22 | Build | Farm |
| 18:25 | Queue | Villager (Male) |
| 18:31 | Queue | Villager (Male) |
| 18:35 | Build | House |
| 18:36 | Build | Palisade Wall |
| 18:45 | Build | Palisade Wall |
| 18:52 | Queue | Villager (Male) |
| 19:01 | Build | Farm |
| 19:08 | Queue | Scout Cavalry |
| 19:08 | Queue | Villager (Male) |
| 19:11 | Build | Mining Camp |
| 19:20 | Queue | Scout Cavalry |
| 19:21 | Queue | Villager (Male) |
| 19:32 | Queue | Villager (Male) |
| 19:47 | Build | Farm |
| 19:48 | Build | Farm |
| 19:50 | Queue | Villager (Male) |
| 20:19 | Build | Palisade Wall |
| 20:32 | Queue | Villager (Male) |
| 20:35 | Build | House |
| 20:40 | Build | House |
| 20:45 | Queue | Villager (Male) |
| 20:57 | Build | Mining Camp |
| 21:02 | Queue | Scout Cavalry |
| 21:09 | Queue | Villager (Male) |
| 21:21 | Build | House |
| 21:27 | Build | Watch Tower |
| 21:29 | Queue | Villager (Male) |
| 21:36 | Queue | Scout Cavalry |
| 22:02 | Queue | Villager (Male) |
| 22:28 | Build | House |
| 22:43 | Research | Castle Age |
| 22:43 | Research | Castle Age |
| 23:04 | Build | Watch Tower |
| 23:11 | Queue | Villager (Male) |
| 23:30 | Build | Blacksmith |
| 24:01 | Queue | Spearman |
| 24:01 | Queue | Spearman |
| 24:01 | Queue | Spearman |
| 24:07 | Build | House |
| 24:09 | Research | Fletching |
| 24:09 | Research | Fletching |
| 24:49 | Build | Watch Tower |
| 24:54 | Queue | Spearman |
| 24:54 | Queue | Spearman |
| 24:59 | Queue | Flemish Militia |
| 25:02 | Queue | Flemish Militia |
| 25:03 | Queue | Flemish Militia |
| 25:23 | Age | Castle Age |
| 25:26 | Build | House |
| 25:26 | Queue | Knight |
| 25:27 | Queue | Knight |
Build order — JineteSable
First 150 of 435 actions detected
| 0:01 | Queue | Villager (Male) |
| 0:01 | Queue | Villager (Male) |
| 0:03 | Build | House |
| 0:05 | Build | House |
| 0:17 | Queue | Villager (Male) |
| 0:18 | Queue | Villager (Male) |
| 1:34 | Queue | Villager (Male) |
| 1:34 | Queue | Villager (Male) |
| 1:59 | Queue | Villager (Male) |
| 1:59 | Queue | Villager (Male) |
| 2:11 | Build | Lumber Camp |
| 2:22 | Queue | Villager (Male) |
| 2:38 | Build | House |
| 3:19 | Queue | Villager (Male) |
| 3:19 | Queue | Villager (Male) |
| 3:19 | Queue | Villager (Male) |
| 4:03 | Queue | Villager (Male) |
| 4:03 | Queue | Villager (Male) |
| 4:36 | Queue | Villager (Male) |
| 4:36 | Queue | Villager (Male) |
| 5:09 | Queue | Villager (Male) |
| 5:10 | Queue | Villager (Male) |
| 5:21 | Build | House |
| 5:28 | Research | Loom |
| 5:32 | Queue | Villager (Male) |
| 5:57 | Queue | Villager (Male) |
| 6:10 | Build | Barracks |
| 6:17 | Queue | Villager (Male) |
| 6:17 | Queue | Villager (Male) |
| 6:22 | Queue | Villager (Male) |
| 6:54 | Build | House |
| 7:37 | Research | Feudal Age |
| 7:40 | Queue | Militia |
| 7:40 | Queue | Militia |
| 8:21 | Queue | Militia |
| 8:21 | Queue | Militia |
| 9:27 | Build | House |
| 9:35 | Build | Mill |
| 9:47 | Age | Feudal Age |
| 9:49 | Queue | Villager (Male) |
| 9:51 | Research | Double-Bit Axe |
| 9:56 | Research | Man-at-Arms (upgrade) |
| 10:06 | Queue | Spearman |
| 10:25 | Build | Palisade Wall |
| 10:37 | Queue | Villager (Male) |
| 11:00 | Queue | Spearman |
| 11:12 | Queue | Spearman |
| 11:13 | Queue | Villager (Male) |
| 11:17 | Research | Horse Collar |
| 11:25 | Queue | Spearman |
| 11:26 | Queue | Villager (Male) |
| 11:28 | Build | House |
| 11:30 | Build | Palisade Wall |
| 12:09 | Queue | Villager (Male) |
| 12:13 | Build | Farm |
| 12:13 | Build | Farm |
| 12:13 | Build | Farm |
| 12:13 | Build | Farm |
| 12:14 | Build | Farm |
| 12:14 | Build | Farm |
| 12:35 | Queue | Spearman |
| 12:51 | Build | Farm |
| 12:52 | Build | Farm |
| 13:02 | Build | House |
| 13:05 | Build | Palisade Wall |
| 13:22 | Build | Farm |
| 13:23 | Queue | Villager (Male) |
| 13:23 | Queue | Villager (Male) |
| 13:45 | Queue | Villager (Male) |
| 13:48 | Build | House |
| 13:51 | Build | Palisade Wall |
| 13:55 | Queue | Villager (Male) |
| 13:58 | Build | Farm |
| 14:19 | Queue | Villager (Male) |
| 14:23 | Build | Mining Camp |
| 14:28 | Build | House |
| 14:30 | Build | Palisade Wall |
| 14:50 | Queue | Villager (Male) |
| 15:19 | Queue | Villager (Male) |
| 15:29 | Queue | Villager (Male) |
| 15:36 | Build | Farm |
| 15:41 | Queue | Spearman |
| 15:48 | Build | Palisade Gate |
| 15:50 | Build | House |
| 15:51 | Build | Palisade Wall |
| 16:00 | Queue | Villager (Male) |
| 16:06 | Build | Farm |
| 16:20 | Build | Farm |
| 16:42 | Queue | Spearman |
| 16:42 | Queue | Spearman |
| 16:43 | Queue | Villager (Male) |
| 16:44 | Queue | Villager (Male) |
| 16:55 | Queue | Militia |
| 17:09 | Build | Blacksmith |
| 17:20 | Queue | Spearman |
| 17:55 | Queue | Villager (Male) |
| 18:02 | Build | Stable |
| 18:18 | Queue | Militia |
| 18:33 | Build | Farm |
| 18:35 | Build | Farm |
| 18:57 | Build | Farm |
| 18:58 | Build | Farm |
| 19:02 | Research | Castle Age |
| 19:17 | Queue | Spearman |
| 19:36 | Build | Farm |
| 19:37 | Build | Farm |
| 19:49 | Research | Forging |
| 19:58 | Build | Farm |
| 20:08 | Queue | Spearman |
| 20:09 | Queue | Villager (Male) |
| 20:49 | Build | Stable |
| 20:58 | Research | Bloodlines |
| 21:07 | Queue | Spearman |
| 21:21 | Build | House |
| 21:22 | Build | House |
| 21:24 | Build | Palisade Wall |
| 21:42 | Age | Castle Age |
| 21:51 | Queue | Camel Scout |
| 21:51 | Queue | Camel Scout |
| 21:57 | Research | Bow Saw |
| 22:02 | Build | Lumber Camp |
| 22:08 | Queue | Spearman |
| 22:13 | Research | Gold Mining |
| 22:45 | Queue | Camel Scout ×3 |
| 23:00 | Queue | Villager (Male) |
| 23:10 | Queue | Camel Scout |
| 23:19 | Build | Town Center |
| 23:32 | Build | Town Center |
| 23:54 | Queue | Camel Scout ×3 |
| 23:55 | Queue | Villager (Male) |
| 23:56 | Queue | Villager (Male) |
| 24:05 | Build | Farm |
| 24:06 | Queue | Villager (Male) |
| 24:09 | Build | Farm |
| 24:10 | Build | Farm |
| 24:11 | Build | Farm |
| 24:22 | Build | Palisade Gate |
| 24:24 | Build | Palisade Wall |
| 24:39 | Queue | Camel Scout ×3 |
| 24:53 | Build | Palisade Gate |
| 25:04 | Research | Fletching |
| 25:36 | Research | Scale Barding Armor |
| 25:36 | Queue | Villager (Male) |
| 25:36 | Queue | Villager (Male) |
| 25:48 | Build | Farm |
| 25:48 | Build | Farm |
| 26:01 | Queue | Villager (Male) |
| 26:02 | Queue | Villager (Male) |
| 26:15 | Queue | Villager (Male) |
| 26:21 | Build | Town Center |
Match timeline
| 6:10 | JineteSable · first_building Barracks |
| 8:30 | Ellis · first_building Barracks |
| 9:23 | Ellis · age_up feudal |
| 9:28 | Ellis · first_building Stable |
| 9:47 | JineteSable · age_up feudal |
| 10:03 | Ellis · wall_segment Palisade Wall x3 |
| 10:25 | JineteSable · wall_segment Palisade Wall x7 |
| 11:30 | JineteSable · wall_segment Palisade Wall x7 |
| 11:33 | Ellis · wall_segment Palisade Wall x6 |
| 13:05 | JineteSable · wall_segment Palisade Wall x3 |
| 13:09 | Ellis · wall_segment Palisade Wall x9 |
| 13:21 | Ellis · wall_segment Palisade Wall x1 |
| 13:42 | Ellis · wall_segment Palisade Wall x9 |
| 13:51 | JineteSable · wall_segment Palisade Wall x12 |
| 14:30 | JineteSable · wall_segment Palisade Wall x4 |
| 15:51 | JineteSable · wall_segment Palisade Wall x1 |
| 18:02 | JineteSable · first_building Stable |
| 18:36 | Ellis · wall_segment Palisade Wall x4 |
| 18:45 | Ellis · wall_segment Palisade Wall x1 |
| 20:19 | Ellis · wall_segment Palisade Wall x1 |
| 21:24 | JineteSable · wall_segment Palisade Wall x2 |
| 21:42 | JineteSable · age_up castle |
| 22:42 | Ellis · first_market_sell 100 food |
| 24:24 | JineteSable · wall_segment Palisade Wall x1 |
| 25:23 | Ellis · age_up castle |
| 27:35 | Ellis · first_market_buy 100 food |
| 27:46 | JineteSable · first_building Siege Workshop |
| 28:10 | JineteSable · wall_segment Palisade Wall x5 |
| 28:48 | Ellis · wall_segment Palisade Wall x1 |
| 32:54 | Ellis · first_building Siege Workshop |
| 34:07 | Ellis · wall_segment Palisade Wall x2 |
| 35:09 | Ellis · wall_segment Stone Wall x1 |
| 38:46 | JineteSable · first_market_buy 100 wood |
| 40:54 | JineteSable · first_building Monastery |
| 44:17 | JineteSable · first_building Castle |
| 45:46 | Ellis · first_building Castle |
| 47:48 | JineteSable · wall_segment Palisade Wall x4 |
| 48:52 | Ellis · resign |
[ AI ANALYSIS · 1 CREDIT ]
What really happened in this match?
Wolo.gg analyzes every decision: build order, eco, micro, common mistakes by bracket. Personalized analysis on WhatsApp or Discord in 30 seconds.
Civ guide
Burgundians
Perfil
Jugador #18015351